 Dungeon Crawl Stone Soup version 0.23.2-30-g0e89c35649 (webtiles) character file.

Game seed: 4457063257889364867

4844 PentaManta the Cleaver (level 10, -11/56 HPs)
             Began as a Gargoyle Fighter on June 8, 2019.
             Was a Believer of Okawaru.
             Mangled by an ogre
             ... wielding a +0 giant club
              (22 damage)
             ... on level 8 of the Dungeon.
             The game lasted 00:13:44 (8745 turns).

PentaManta the Cleaver (Gargoyle Fighter)           Turns: 8745, Time: 00:13:44

Health: -11/56     AC: 17    Str: 23    XL:     10   Next: 49%
Magic:  10/10      EV:  8    Int:  9    God:    Okawaru [**....]
Gold:   644        SH: 12    Dex:  9    Spells: 9/9 levels left

rFire    . . .     SeeInvis .   a - +0 war axe
rCold    . . .     Gourm    .   c - +0 shield
rNeg     + . .     Faith    .   b - +0 scale mail
rPois    ∞         Spirit   .   (no helmet)
rElec    +         Reflect  .   i - +2 cloak
rCorr    .         Harm     .   (no gloves)
MR       .....     Rnd*Tele +   (no boots)
Stlth    ..........             (no amulet)
HPRegen  0.18/turn              d - ring of teleportation (curse)
MPRegen  0.12/turn              (no ring)

@: no status effects
A: negative energy resistance 1, electricity resistance, unbreathing,
petrification resistance, rot immunity, AC +7
a: Heroism, Renounce Religion


You were on level 8 of the Dungeon.
You worshipped Okawaru.
Okawaru was pleased with you.
You were hungry.

You visited 2 branches of the dungeon, and saw 9 of its levels.
You also visited: Ossuary.

You collected 644 gold pieces.

Inventory:

Hand Weapons
 a - a +0 war axe (weapon)
 q - a +1 hand axe of draining
Armour
 b - a +0 scale mail (worn)
 c - a +0 shield (worn)
 i - a +2 cloak (worn)
Jewellery
 d - a cursed ring of teleportation (left hand)
Wands
 r - a wand of enslavement (9)
 x - a wand of random effects (5)
 z - a wand of iceblast (2)
 B - a wand of scattershot (6)
 H - a wand of paralysis (9)
Scrolls
 e - 4 scrolls of amnesia {unknown}
 g - 4 scrolls of identify {unknown}
 j - 13 scrolls of teleportation {unknown}
 k - 3 scrolls of random uselessness {unknown}
 n - a scroll of enchant weapon {unknown}
 o - 3 scrolls of remove curse {unknown}
 u - a scroll of fear {unknown}
 y - 2 scrolls of blinking {unknown}
 C - a scroll of noise {unknown}
 G - a scroll of summoning {unknown}
 I - a scroll of brand weapon {unknown}
Potions
 h - 9 potions of curing
 l - 2 potions of invisibility {unknown}
 m - 3 potions of agility {unknown}
 p - 2 potions of resistance {unknown}
 s - 2 potions of haste {unknown}
 t - 4 potions of flight {unknown}
 v - 6 potions of lignification {unknown}
 w - 2 potions of degeneration {unknown}
 A - a potion of mutation
 D - a potion of cancellation {unknown}
 E - 4 potions of brilliance {unknown}
 F - a potion of heal wounds {unknown}
Comestibles
 f - 13 rations


   Skills:
 - Level 3.2 Fighting
 * Level 11.3 Axes
 - Level 3.2 Armour
 + Level 10.1 Shields


You had 9 spell levels left.
You didn't know any spells.
Your spell library contained the following spells:

 Spells                   Type           Power        Failure   Level  Hunger
 Corona                   Hex            #......      88%         1    ##.....
 Summon Small Mammal      Summ           #...         88%         1    ##.....
 Call Imp                 Summ           #.......     96%         2    ###....
 Ensorcelled Hibernation  Hex/Ice        #.....       96%         2    ###....
 Call Canine Familiar     Summ           #.......     99%         3    ####...
 Confuse                  Hex            #.......     99%         3    ####...
 Dazzling Spray           Conj/Hex       #.....       99%         3    ####...
 Summon Guardian Golem    Hex/Summ       #.......     99%         3    ####...
 Tukima's Dance           Hex            #.......     99%         3    ####...
 Summon Ice Beast         Ice/Summ       #.......     100%        4    #####..
 Summon Lightning Spire   Summ/Air       #.......     100%        4    #####..


Dungeon Overview and Level Annotations

Branches:
Dungeon (8/15)             Temple (1/1) D:7
   Lair: D:8-11

Altars:
Ashenzari
Cheibriados
Dithmenos
Elyvilon
Fedhas
Gozag
Hepliaklqana
Kikubaaqudgha
Makhleb
Nemelex Xobeh
Okawaru
Ru
Sif Muna
Trog
Uskayaw
Vehumet
Wu Jian
Xom
Yredelemnul
Zin
The Shining One

Annotations:
D:4 1 runed translucent door, Veritas's ghost, novice HuBe
D:8 3 runed translucent doors


Innate Abilities, Weirdness & Mutations

You are resistant to torment.
Your stone body is resilient. (AC +7)
You are immune to poison.
You resist negative energy. (rN+)
You are resistant to electric shocks. (rElec)
You can survive without breathing.
You are immune to petrification.
You are immune to rotting.


Message History

Okawaru is honoured by your kill.
Your base Shields skill increases to level 10!
Things that are here:
a +0 giant club x2
You start resting.
You feel like a meek peon again.
An ogre comes into view. It is wielding a +0 giant club.
The ogre shouts!
You block the ogre's attack.
You closely miss the ogre. The ogre hits you but does no damage.
You slash the ogre!
The ogre is moderately wounded.
The ogre hits you with a +0 giant club!
* * * LOW HITPOINT WARNING * * *
You barely miss the ogre.
The ogre is moderately wounded.
You slash the ogre!
The ogre is severely wounded.
The ogre hits you with a +0 giant club!!
You die...

### ..
####.#
...#[#
.....# #.#
.....# #.#
.....###
#.##### #.#
........#
#..O@.# #.#
........#
#.###.# #.#
.._......#
#.# #.#
..........
#)#####.#
........##
#.##....#
.....####
##.#.#.####
.....#
#.###..#
.....#
##.#.#.#
#..###
#.##.#


You could see an ogre.

Vanquished Creatures
  2 two-headed ogres
  A hornet (D:7)
  2 hippogriffs
  Sigmund (D:3)
  A wraith (D:7)
  A hornet zombie (D:7)
  A phantom (D:6)
  2 ice beasts (D:8)
  A necrophage (D:7)
  6 ogres
  A centaur (D:4)
  2 bullfrogs
  A scorpion (D:8)
  A howler monkey (D:4)
  2 crimson imps (D:8)
  6 human zombies (D:7)
  A hound (D:7)
  7 orc wizards
  A gnoll shaman (D:6)
  A jelly (D:8)
  4 orc priests
  4 iguanas
  7 worker ants
  2 big kobold zombies (Ossuary)
  An ogre skeleton (D:7)
  A hound zombie (D:5)
  2 hound skeletons (D:6)
  10 mummies
  6 gnolls
  9 adders
  3 shadow imps
  2 oozes (D:3)
  2 adder skeletons (D:5)
  A worm (D:8)
  2 dart slugs
  6 leopard geckos
  17 orcs
  3 ball pythons
  4 giant cockroaches
  10 goblins
  9 hobgoblins
  12 jackals
  5 quokkas
  6 bats
  4 frilled lizards
  3 hobgoblin zombies (Ossuary)
  7 kobolds
  3 kobold zombies (Ossuary)
  A leopard gecko skeleton (D:8)
  A leopard gecko zombie (D:7)
  An orc skeleton (D:7)
  2 quokka skeletons
  4 rats
195 creatures vanquished.

Vanquished Creatures (others)
  A giant cockroach (D:4)
1 creature vanquished.

Grand Total: 196 creatures vanquished

Notes
Turn   | Place    | Note
-------+----------+-------------------------------------------
     0 | D:1      | PentaManta the Gargoyle Fighter began the quest for the
                  | Orb.
     0 | D:1      | Reached XP level 1. HP: 14/14 MP: 1/1
    50 | D:1      | Reached skill level 2 in Axes
    74 | D:1      | Reached XP level 2. HP: 7/19 MP: 2/2
   571 | D:1      | Reached XP level 3. HP: 23/23 MP: 3/3
  1250 | D:2      | Reached skill level 3 in Axes
  1399 | D:2      | Found a burning altar of Makhleb.
  1460 | D:2      | Reached XP level 4. HP: 28/28 MP: 4/4
  2297 | D:3      | Reached XP level 5. HP: 32/32 MP: 5/5
  2383 | D:3      | Reached skill level 4 in Axes
  2437 | D:3      | Noticed Sigmund
  2446 | D:3      | Killed Sigmund
  2446 | D:3      | Reached skill level 5 in Shields
  2446 | D:3      | Reached XP level 6. HP: 32/37 MP: 6/6
  3020 | D:4      | Reached skill level 5 in Axes
  3160 | D:4      | Found a runed translucent door.
  3160 | D:4      | Noticed Veritas's ghost (novice HuBe)
  3293 | D:4      | Reached XP level 7. HP: 40/41 MP: 7/7
  3442 | D:4      | Found a radiant altar of Vehumet.
  3920 | D:5      | Entered Level 5 of the Dungeon
  3993 | D:5      | Found a bloodstained altar of Trog.
  4110 | D:5      | Reached skill level 6 in Axes
  4222 | D:5      | Found a sparkling altar of Nemelex Xobeh.
  4454 | D:6      | Reached XP level 8. HP: 46/46 MP: 8/8
  4579 | D:6      | Reached skill level 7 in Axes
  5243 | D:6      | Found a shadowy altar of Dithmenos.
  5522 | D:7      | Found a sand-covered staircase.
  5526 | Ossuary  | Entered an ossuary
  6177 | D:7      | Reached skill level 8 in Axes
  6540 | D:7      | Reached XP level 9. HP: 30/51 MP: 9/9
  6754 | D:7      | Found a basalt altar of Yredelemnul.
  6964 | D:7      | Found an ancient bone altar of Kikubaaqudgha.
  7042 | D:7      | Reached skill level 9 in Axes
  7285 | D:7      | Found a staircase to the Ecumenical Temple.
  7330 | Temple   | Entered the Ecumenical Temple
  7539 | D:7      | Noticed a hornet
  7564 | D:7      | Killed a hornet
  7577 | D:7      | Found an iron altar of Okawaru.
  7577 | D:7      | Found a glowing silver altar of Zin.
  7651 | D:7      | Became a worshipper of Warmaster Okawaru
  7730 | D:7      | Reached skill level 10 in Axes
  7787 | D:7      | Noticed a two-headed ogre
  7793 | D:7      | Killed a two-headed ogre
  7793 | D:7      | Reached * piety under Okawaru
  7793 | D:7      | Reached XP level 10. HP: 56/56 MP: 10/10
  7810 | D:7      | Found a sacrificial altar of Ru.
  8099 | D:8      | Found a snail-covered altar of Cheibriados.
  8166 | D:8      | Reached ** piety under Okawaru
  8202 | D:8      | Found a white marble altar of Elyvilon.
  8275 | D:8      | Got an ichor-stained trident
  8289 | D:8      | Identified the +4 trident of Ciocyot {pierce, Dex+3} (You
                  | found it on level 8 of the Dungeon)
  8410 | D:8      | Found a runed translucent gate.
  8410 | D:8      | Found a runed translucent gate.
  8410 | D:8      | Found a runed translucent gate.
  8412 | D:8      | Noticed a white ugly thing
  8412 | D:8      | Noticed a green ugly thing
  8413 | D:8      | Noticed a green very ugly thing
  8413 | D:8      | Noticed a green ugly thing
  8414 | D:8      | Noticed a brown ugly thing
  8692 | D:8      | Reached skill level 11 in Axes
  8722 | D:8      | Noticed a two-headed ogre
  8731 | D:8      | Killed a two-headed ogre
  8731 | D:8      | Reached skill level 10 in Shields
  8745 | D:8      | Mangled by an ogre

Skill      XL: |  1  2  3  4  5  6  7  8  9 10 |
---------------+-------------------------------+-----
Axes           | 2 3 4 5 6 8 10 11 | 11.3
Shields        | 4 5 6 7 9 10 | 10.1
Fighting       | |  3.2
Armour         | |  3.2

Action                   |  1- 3 |  4- 6 |  7- 9 | 10-12 || total
-------------------------+-------+-------+-------+-------++-------
Melee: War axe           |   126 |    44 |       |    53 ||   223
       Hand axe          |       |    72 |   634 |    60 ||   766
Invok: Heroism           |       |       |       |     1 ||     1
Evoke: Wand              |       |       |     3 |     1 ||     4
  Use: Potion            |       |     1 |     5 |       ||     6
  Eat: Chunk             |     2 |     2 |     6 |     2 ||    12
       Ration            |       |     1 |     3 |       ||     4
Armor: Scale mail        |    75 |    81 |   245 |    26 ||   427
Dodge: Dodged            |    45 |    61 |   160 |    14 ||   280
Block: Shield            |    48 |       |   157 |    44 ||   249
       Buckler           |     3 |    37 |    49 |       ||    89
